 Dungeon Crawl Stone Soup version 0.20-b1-18-gaa2fd62 (webtiles) character file.

131 Gorglomux the Skirmisher (level 5, -9/34 HPs)
             Began as a Gargoyle Fighter on May 24, 2017.
             Killed by divine providence
             ... invoked by an orc priest
              (14 damage)
             ... on level 3 of the Dungeon.
             The game lasted 00:00:37 (1196 turns).

Gorglomux the Skirmisher (Gargoyle Fighter)         Turns: 1196, Time: 00:00:38

Health: -9/34      AC: 10    Str: 20    XL:     5   Next: 14%
Magic:  5/5        EV:  7    Int:  8    God:
Gold:   123        SH:  9    Dex: 10    Spells: 4/4 levels left

rFire    . . .     SeeInvis .   a - +0 flail
rCold    . . .     Gourm    .   c - +0 shield
rNeg     + . .     Faith    .   b - +0 scale mail
rPois    ∞         Spirit   .   (no helmet)
rElec    +         Reflect  .   (no cloak)
rCorr    .         Harm     .   (no gloves)
MR       .....                  (no boots)
Stlth    ..........             (no amulet)
Regen    0.2/turn               (no ring)
MPRegen  0.1/turn               (no ring)

@: no status effects
A: negative energy resistance 1, electricity resistance, unbreathing,
petrification resistance, rot immunity, AC +4
a: no special abilities


You were on level 3 of the Dungeon.
You were not hungry.

You visited 1 branch of the dungeon, and saw 3 of its levels.

You collected 123 gold pieces.

Inventory:

Hand Weapons
 a - a +0 flail (weapon)
Armour
 b - a +0 scale mail (worn)
 c - a +0 shield (worn)
Jewellery
 q - an uncursed ring of ice {unknown}
   (You found it on level 2 of the Dungeon)
Wands
 l - a wand of flame (31/48)
   (You found it on level 2 of the Dungeon)
 p - a wand of acid (6/15)
   (You found it on level 2 of the Dungeon)
Scrolls
 g - 3 scrolls of teleportation {unknown}
 h - 2 scrolls of fog {unknown}
 j - 2 scrolls of identify {unknown}
 n - a scroll of fear {unknown}
Potions
 d - 2 potions of might
 e - 3 potions of heal wounds {unknown}
 i - 2 potions of curing {unknown}
 m - 2 potions of magic {unknown}
Comestibles
 f - a bread ration {@e1}
 k - a royal jelly


   Skills:
 + Level 4.7 Fighting
 * Level 4.1 Maces & Flails
 - Level 3.2 Armour
 - Level 3.2 Shields


You had 4 spell levels left.
You didn't know any spells.

Dungeon Overview and Level Annotations

Branches:
Dungeon (3/15)

Altars:
Xom


Innate Abilities, Weirdness & Mutations

You are resistant to torment.
Your stone body is resilient. (AC +4)
You are immune to poison.
You resist negative energy. (rN+)
You are resistant to electric shocks. (rElec)
You can survive without breathing.
You are immune to petrification.
You are immune to rotting.


Message History

Unknown command.
An orc comes into view.
The orc shouts!
The orc wizard barely misses you.
An orc wizard comes into view. It is wielding a dagger.
The orc wizard shouts!
You hit the orc wizard.
You hear a shout!
The orc wizard hits you but does no damage.
The orc wizard mumbles some strange words.
The orc wizard seems to speed up.
You hit the orc. The orc hits you.
An orc priest comes into view. It is wielding a war axe.
You sock the orc!
You kill the orc!
You closely miss the orc wizard. You block the orc wizard's attack.
The orc priest looks satisfied for a moment.
The orc wizard jeers noisily.
The orc wizard gestures at you while chanting.
You block the puff of flame.
You completely miss the orc wizard. You block the orc wizard's attack.
You sock the orc wizard!
The orc wizard casts a spell.
The orc wizard flickers and vanishes!
Deactivating autopickup; reactivate with Ctrl-A.
You closely miss something.
The orc priest invokes the aid of Beogh against you.
Beogh smites you!
The orc wizard points at you and mumbles some strange words.
The puff of flame hits something.
Reactivating autopickup.
Your Maces & Flails skill increases to level 4!
You have reached level 5!
You feel a bit more experienced.
You are too injured to fight recklessly!
You are too injured to fight recklessly!
You are too injured to fight recklessly!
You are too injured to fight recklessly!
You are too injured to fight recklessly!
You are too injured to fight recklessly!
You are too injured to fight recklessly!
You are too injured to fight recklessly!
There are monsters nearby!
Unknown command.
You are too injured to fight recklessly!
You are too injured to fight recklessly!
You are too injured to fight recklessly!
You are too injured to fight recklessly!
You are too injured to fight recklessly!
You are too injured to fight recklessly!
You are too injured to fight recklessly!
You are too injured to fight recklessly!
There are monsters nearby!
You are too injured to fight recklessly!
You are too injured to fight recklessly!
You are too injured to fight recklessly!
You are too injured to fight recklessly!
You are too injured to fight recklessly!
You are too injured to fight recklessly!
You are too injured to fight recklessly!
You are too injured to fight recklessly!
You are too injured to fight recklessly!
You are too injured to fight recklessly!
You are too injured to fight recklessly!
You are too injured to fight recklessly!
You are too injured to fight recklessly!
You are too injured to fight recklessly!
You are too injured to fight recklessly!
You are too injured to fight recklessly!
Unknown command.
The orc wizard hits you but does no damage.
The orc wizard points at you and mumbles some strange words.
The puff of frost hits you!
Items here: ) [ †† a dagger; a robe; an orc corpse x2
You hit the orc wizard.
The orc wizard hits you but does no damage.
The orc wizard closely misses you.
You hit the orc wizard. The orc wizard casts a spell at you.
The puff of flame hits you!
* * * LOW HITPOINT WARNING * * *
The orc priest calls upon Beogh to heal the orc wizard.
The orc wizard is healed somewhat.
You block the orc wizard's attack.
You closely miss the orc wizard.
The orc wizard hits you but does no damage.
You block the orc wizard's attack.
You barely miss the orc wizard.
The orc wizard looks encouraged for a moment.
The orc wizard hits you but does no damage.
You closely miss the orc wizard. The orc wizard hits you with a dagger.
* * * LOW HITPOINT WARNING * * *
The orc priest casts a cantrip, but nothing happens.
Your scale mail prevents you from hitting the orc wizard.
The orc wizard hits you with a dagger.
* * * LOW HITPOINT WARNING * * *
The orc wizard closely misses you.
The orc priest mumbles some strange prayers to Beogh against you.
Beogh smites you!
You die...

#########
#oo@....#
#.#####.#
.. #.# ##
#.# #.#
#.# #.##
####..#
##.###.#


You could see an orc priest and an orc wizard.

Vanquished Creatures
  2 adders (D:2)
  4 gnolls (D:2)
  3 oozes
  2 dart slugs
  A leopard gecko (D:2)
  An orc (D:3)
  A bat (D:1)
  3 giant cockroaches (D:1)
  4 goblins
  6 hobgoblins (D:1)
  3 frilled lizards
  7 kobolds
  4 rats
41 creatures vanquished.

Vanquished Creatures (others)
  An orc wizard (D:3)
1 creature vanquished.

Grand Total: 42 creatures vanquished

Notes
Turn   | Place    | Note
-------+----------+-------------------------------------------
     0 | D:1      | Gorglomux the Gargoyle Fighter began the quest for the Orb.
     0 | D:1      | Reached XP level 1. HP: 14/14 MP: 1/1
    95 | D:1      | Reached XP level 2. HP: 16/19 MP: 2/2
   379 | D:1      | Reached skill level 4 in Fighting
   379 | D:1      | Reached XP level 3. HP: 23/24 MP: 3/3
   395 | D:1      | Reached skill level 3 in Maces & Flails
   657 | D:2      | Reached XP level 4. HP: 29/29 MP: 4/4
   737 | D:2      | Found a shimmering altar of Xom.
  1189 | D:3      | Reached skill level 4 in Maces & Flails
  1189 | D:3      | Reached XP level 5. HP: 17/34 MP: 5/5
  1192 | D:3      | HP: 7/34 [orc wizard/puff of flame (4)]
  1196 | D:3      | Killed from afar by an orc priest

Skill      XL: |  1  2  3  4 |
---------------+-------------+-----
Fighting       | 4 |  4.7
Maces & Flails | 3 4 |  4.1
Armour         | |  3.2
Shields        | |  3.2

Action                   |  1- 3 |  4- 6 || total
-------------------------+-------+-------++-------
Melee: Flail             |    95 |    58 ||   153
  Eat: Chunk             |       |     1 ||     1
Armor: Scale mail        |    60 |    23 ||    83
Dodge: Dodged            |    30 |    22 ||    52
Block: Shield            |    57 |    39 ||    96

Vault maps used:
D:1:      saegor_arrival_simple_d, minmay_misc_feat_iff
D:2:      old_standard_altar

Table legend:
 A = Turns spent in this place as a percentage of turns spent in the entire game.
 B = Non-inter-level travel turns spent in this place as a percentage of non-inter-level travel turns spent in the entire game.
 C = Inter-level travel turns spent in this place as a percentage of turns spent in this place.
 D = Turns resting spent in this place as a percentage of non-inter-level travel turns spent in this place.
 E = Turns spent auto-exploring this place as a percentage of non-inter-level travel turns spent in this place.
 F = Non-inter-level travel turns spent in this place divided by the number of levels of this place that you've seen.
                   A       B       C       D       E      F
               +-------+-------+-------+-------+-------+----------------------
         Total | 100.0 | 100.0 |   0.2 |   0.2 |   7.2 | 278.3
       Dungeon | 100.0 | 100.0 |   0.2 |   0.2 |   7.2 | 278.3
               +-------+-------+-------+-------+-------+----------------------

Table legend:
 A = Kills in this place as a percentage of kills in entire the game.
 B = Kills by you in this place as a percentage of kills by you in the entire game.
 C = Kills by friends in this place as a percentage of kills by friends in the entire game.
 D = Other kills in this place as a percentage of other kills in the entire game.
 E = Experience gained in this place as a percentage of experience gained in the entire game.
 F = Experience gained in this place divided by the number of levels of this place that you have seen.
                   A       B       C       D       E      F
               +-------+-------+-------+-------+-------+----------------------
         Total | 100.0 | 100.0 |  -nan | 100.0 | 100.0 |  62.7
       Dungeon | 100.0 | 100.0 |  -nan | 100.0 | 100.0 |  62.7
               +-------+-------+-------+-------+-------+----------------------
